 Dungeon Crawl Stone Soup version 0.28.0-43-g3370ac3207 (console) character file.

Game seed: 18025960524105704747

46804 Zeor the Sorcerer (level 14, -1/71 HPs)
             Began as a Deep Elf Ice Elementalist on Mar 15, 2022.
             Was a High Priest of Vehumet.
             Slain by an entropy weaver simulacrum (4 damage)
             ... in an ice cave.
             The game lasted 02:09:09 (24322 turns).

Zeor the Sorcerer (Deep Elf Ice Elementalist)      Turns: 24322, Time: 02:09:10

Health: -1/71      AC: 22    Str:  5    XL:     14   Next: 6%
Magic:  34/41      EV: 20    Int: 26    God:    Vehumet [*****.]
Gold:   1021       SH:  0    Dex: 19    Spells: 23/55 levels left

rFire   x . .      SeeInvis .   a - +7 lajatang {holy, rC++}
rCold   + + +      Faith    .   (shield currently unavailable)
rNeg    . . .      Spirit   .   K - +2 robe {Will+}
rPois   .          Reflect  .   w - +2 hat
rElec   .          Harm     .   (no cloak)
rCorr   .          Rampage  .   q - +1 pair of gloves
Will    ++...                   f - +0 pair of boots
Stlth   +++.......              N - amulet of the acrobat
HPRegen 0.21/turn               E - ring of Dotsyogh {Ice Dex+4}
MPRegen 0.27/turn               l - ring of wizardry

@: ice-armoured, very slightly contaminated
A: no striking features
a: Renounce Religion


You were in an ice cave.
You worshipped Vehumet.
Vehumet was extremely pleased with you.
You visited 3 branches of the dungeon, and saw 17 of its levels.
You also visited: Ice Cave and Volcano.

You collected 1288 gold pieces.
You spent 267 gold pieces at shops.

Inventory:

Hand Weapons
 a - the +7 lajatang of the Inquisitive Deaths (weapon) {holy, rC++}
   (You acquired it on level 8 of the Dungeon)

   It has been blessed by the Shining One to cause great damage to the undead
   and demons.
   rC:        It greatly protects you from cold.
 b - a +1 quick blade of flaming
 o - the +6 whip of Floods {protect, Will+}
   (You found it on level 2 of the Dungeon)

   It grants its wielder temporary protection when it strikes (+7 to AC).
   Will:      It increases your willpower.
 J - a +1 rapier of electrocution
 Q - a +2 scimitar of flaming
Missiles
 d - 239 arrows
 t - 53 bolts
 x - 4 throwing nets
 D - 7 curare-tipped darts
 O - 6 atropa-tipped darts
Armour
 f - a +0 pair of boots (worn)
 q - a +1 pair of gloves (worn)
 w - a +2 hat (worn)
 K - a +2 robe of willpower (worn)
Jewellery
 g - a ring of flight
 l - a ring of wizardry (right hand)
 E - the ring of Dotsyogh (left hand) {Ice Dex+4}
   (You acquired it on level 11 of the Dungeon)

   [ring of ice]

   It enhances your ice magic.
   Dex:       It affects your dexterity (+4).
   rF:        It makes you vulnerable to fire.
   rC:        It protects you from cold.
 N - an amulet of the acrobat (around neck)
Wands
 c - a wand of paralysis (5)
 e - a wand of flame (26)
 r - a wand of polymorph (8)
 z - a wand of iceblast (8)
 A - a wand of digging (6)
 C - a wand of mindburst (21)
 F - a wand of acid (6)
Scrolls
 i - a scroll of blinking
 m - 7 scrolls of teleportation
 v - 3 scrolls of amnesia
 B - 6 scrolls of identify
 G - 2 scrolls of immolation
 H - 2 scrolls of fear
 L - 3 scrolls of vulnerability
 M - 3 scrolls of enchant weapon
Potions
 h - a potion of cancellation
 j - 8 potions of heal wounds
 k - 5 potions of magic
 n - 4 potions of curing
 p - a potion of might
 s - 3 potions of flight
 u - 4 potions of brilliance
 I - 2 potions of ambrosia


   Skills:
 + Level 1.7 Fighting
 + Level 3.5 Short Blades
 + Level 4.9 Staves
 + Level 1.6 Armour
 * Level 12.1 Dodging
 + Level 4.9 Stealth
 * Level 21.0 Spellcasting
 + Level 5.1 Conjurations
 + Level 0.8 Transmutations
 + Level 13.9 Ice Magic
 + Level 1.4 Air Magic
 + Level 2.0 Earth Magic
 + Level 0.3 Evocations


You had 23 spell levels left.
You knew the following spells:

 Your Spells              Type           Power      Damage    Failure   Level
a - Freeze                Ice            100%       1d11      0%          1
b - Frozen Ramparts       Ice            100%       1d12      0%          3
c - Ozocubu's Armour      Ice            100%       N/A       0%          3
d - Hailstorm             Conj/Ice       86%        3d17      1%          4
e - Magic Dart            Conj           100%       1d8       1%          1
f - Static Discharge      Conj/Air       44%        N/A       1%          2
g - Stone Arrow           Conj/Erth      92%        3d12      1%          3
h - Freezing Cloud        Conj/Ice/Air   38%        6-21      1%          5
i - Irradiate             Conj/Tmut      21%        3d21      1%          5
j - Yara's Violent Unrav  Hex/Tmut       14%        3d7       4%          5

Your spell library contained the following spells:

 Spells                   Type           Power      Damage    Failure   Level
 Shock                    Conj/Air       100%       1d9       1%          1
 Ensorcelled Hibernation  Hex/Ice        100%       N/A       1%          2
 Passwall                 Tmut/Erth      28%        N/A       1%          2
 Swiftness                Air            35%        N/A       1%          3
 Airstrike                Air            17%        N/A       1%          4
 Animate Armour           Summ/Erth      64%        N/A       4%          4
 Passage of Golubria      Tloc           27%        N/A       6%          4
 Blade Hands              Tmut           15%        N/A       12%         5
 Silence                  Hex/Air        15%        N/A       12%         5
 Lehudib's Crystal Spear  Conj/Erth      23%        10d6      85%         8
 Dragon Form              Tmut           15%        N/A       96%         7


Dungeon Overview and Level Annotations

Branches:
Dungeon (12/15)            Temple (0/1) D:6            Lair (3/6) D:9
  Swamp (0/4) Lair:3        Snake (0/4) Lair:2          Orc (2/2) D:12
  IceCv (1/1)             Volcano (visited)
    Elf: Orc:2

Altars:
Cheibriados
Ru
Vehumet
Beogh

Shops:
D:8 ?(:!=   D:10 ?

Portals:
Abyss: D:3

Annotations:
D:3 2 transporters, styxcanada's ghost, weakling SpBr
D:6 3 runed translucent doors, Acetwo5's ghost, novice DEFE


Message History

The entropy weaver simulacrum closely misses you.
The entropy weaver simulacrum hits you but does no damage.
The entropy weaver simulacrum hits you!
The entropy weaver simulacrum freezes you.
You resist.
Casting: Stone Arrow (safe; 1% risk of failure)
Confirm with . or Enter, or press ? or * to list all spells.
You feel a surge of power! A film of ice covers your body!
The entropy weaver simulacrum hits you but does no damage.
The entropy weaver simulacrum closely misses you.
The entropy weaver simulacrum misses you.
The entropy weaver simulacrum completely misses you.
You barely miss the entropy weaver simulacrum.
The entropy weaver simulacrum closely misses you.
The entropy weaver simulacrum barely misses you.
The entropy weaver simulacrum hits you.
The entropy weaver simulacrum freezes you.
You resist.
The entropy weaver simulacrum hits you but does no damage.
The entropy weaver simulacrum hits you!
* * * LOW HITPOINT WARNING * * *
The entropy weaver simulacrum freezes you.
You resist.
* * * LOW HITPOINT WARNING * * *
The entropy weaver simulacrum barely misses you.
The entropy weaver simulacrum misses you.
The entropy weaver simulacrum hits you but does no damage.
Casting: Ozocubu's Armour (safe; 0% risk of failure)
Confirm with . or Enter, or press ? or * to list all spells.
You miscast Irradiate.
You are very lightly contaminated with residual magic.
You feel a strange surge of energy.
* * * LOW HITPOINT WARNING * * *
The entropy weaver simulacrum barely misses you.
The entropy weaver simulacrum hits you but does no damage.
The entropy weaver simulacrum hits you.
* * * LOW HITPOINT WARNING * * *
The entropy weaver simulacrum freezes you.
You resist.
You die...

▒▒▒▒▒▒ ▒▒▒∙∙∙∙▒▒
▒▒▒∙∙∙∙∙∙∙▒ ▒▒▒▒▒▒
▒▒∙∙∙▒▒▒∙∙▒▒
▒▒∙∙☼∙▒▒▒∙∙∙▒▒▒∙∙▒▒
▒▒Z∙Z∙▒▒▒∙∙∙▒▒▒∙∙▒▒
▒▒▒▒▒▒▒☼#°▒Z∙▒∙∙∙▒▒▒∙∙∙▒
8∙∙∙8∙#∙☼#▒▒e∙∙∙▒▒ ▒∙∙▒▒
∙∙∙∙∙4∙▒▒▒▒∙∙∙∙▒▒
▒∙∙∙▒▒▒ ▒▒


∙∙▄∙∙4∙ ▒∙∙▒▒▒ ▒▒∙∙∙∙▒▒▒∙ ∙∙∙∙∙4∙ ▒∙∙∙▒▒ ▒▒∙∙∙∙∙∙∙ ∙ZZ∙∙Z∙ ▒▒∙∙∙▒▒▒ ▒▒▒▒∙∙∙∙
4∙∙∙∙Z4 ▒▒▒∙∙∙▒▒▒ ▒▒∙∙∙ 8∙∙∙8∙∙ ▒▒▒∙∙∙▒▒▒ ▒▒∙∙ ▒▒▒▒▒∙∙ ▒▒▒ ▒▒∙∙∙∙▒▒▒ ▒▒∙ ▒▒∙▒▒
▒▒▒∙∙∙∙▒▒ ▒▒ You could see 2 entropy weaver simulacra.

Vanquished Creatures
  A dire elephant (Lair:3)
  A fire dragon (D:12)
  3 boulder beetles
  5 hydras
  A centaur warrior (D:11)
  Harold (D:8)
  4 two-headed ogres
  A hell knight (Volcano)
  Pikel (D:5)
  An orc knight (Orc:2)
  An orc sorcerer (Orc:2)
  5 cyclopes
  20 elephants
  4 salamanders (Volcano)
  Joseph (D:7)
  3 black mambas
  A cane toad (Lair:2)
  4 molten gargoyles (Volcano)
  Maggie (D:8)
  4 gargoyles
  An efreet (Volcano)
  An unseen horror (D:11)
  10 ice devils (IceCv)
  3 komodo dragons
  2 freezing wraiths (IceCv)
  4 trolls
  2 tyrant leeches (Lair:3)
  8 blink frogs
  A hornet (D:7)
  A meliai zombie (D:10)
  A spriggan (Lair:3)
  13 yaks
  A wyvern (D:10)
  A dire elephant simulacrum (IceCv)
  A steam dragon (Lair:3)
  A human (D:12)
  2 death yak simulacra
  Edmund (D:5)
  A warg (D:12)
  6 nagas (Lair:2)
  2 harpy simulacra (IceCv)
  2 swamp worms (Lair:3)
  11 water moccasins
  11 orc warriors
  2 ice beasts
  2 sky beasts
  A hornet zombie (D:7)
  8 wolves
  4 ogres
  A centaur (D:7)
  3 lemures (D:5)
  5 kobold brigands
  14 bullfrogs
  2 wyvern zombies
  4 cane toad simulacra
  2 two-headed ogre simulacra
  4 scorpions
  2 wyvern skeletons
  A water moccasin skeleton (D:7)
  4 wights (D:8)
  4 elephant simulacra (IceCv)
  6 killer bees
  4 howler monkeys
  3 electric eels
  4 centaur zombies
  2 jellies
  7 hounds
  3 gnoll shamans
  14 orc priests
  2 bullfrog skeletons
  An iguana (D:7)
  A scorpion zombie (D:5)
  25 orc wizards
  A troll simulacrum (IceCv)
  6 hell rats (Lair:2)
  3 spriggan simulacra
  3 polar bear simulacra
  A killer bee zombie (D:7)
  2 wolf simulacra (IceCv)
  A hound zombie (D:3)
  A howler monkey zombie (D:9)
  A howler monkey skeleton (D:5)
  5 adders
  5 gnolls
  3 naga simulacra
  2 shadow imps
  2 ufetubi
  2 worms
  86 orcs
  12 ball pythons
  5 bats
  10 endoplasms
  2 giant cockroaches
  8 goblins
  8 hobgoblins
  27 kobolds
  2 quokkas
  8 frilled lizards
  7 rats
498 creatures vanquished.

Vanquished Creatures (others)
  111 fungi
  87 plants
198 creatures vanquished.

Grand Total: 696 creatures vanquished

Notes
Turn   | Place    | Note
-------+----------+-------------------------------------------
     0 | D:1      | Zeor the Deep Elf Ice Elementalist began the quest for the
                  | Orb.
     0 | D:1      | Reached XP level 1. HP: 10/10 MP: 6/6
   177 | D:1      | Reached XP level 2. HP: 15/15 MP: 6/8
   724 | D:2      | Reached skill level 4 in Spellcasting
   724 | D:2      | Reached XP level 3. HP: 16/19 MP: 6/10
   760 | D:2      | Learned a level 3 spell: Frozen Ramparts
   764 | D:2      | Learned a level 3 spell: Ozocubu's Armour
   920 | D:2      | Identified the +0 leather armour of Ifevywn {Str+2 Dex+6}
  1489 | D:2      | Identified the +6 whip of Floods {protect, Will+}
  1605 | D:2      | Reached skill level 5 in Ice Magic
  1680 | D:2      | Found a faded altar of an unknown god.
  1737 | D:3      | Noticed a sky beast
  1747 | D:3      | Killed a sky beast
  1748 | D:3      | Reached skill level 5 in Spellcasting
  1748 | D:3      | Reached XP level 4. HP: 16/24 MP: 1/13
  1748 | D:3      | Reached XP level 5. HP: 18/28 MP: 1/15
  1848 | D:3      | Learned a level 4 spell: Hailstorm
  1979 | D:3      | Found a transporter.
  2337 | D:3      | Found a snail-covered altar of Cheibriados.
  2397 | D:3      | Noticed styxcanada's ghost (weakling SpBr)
  2404 | D:3      | Found a transporter.
  2406 | D:3      | Found a one-way gate to the infinite horrors of the Abyss.
  3105 | D:4      | Reached skill level 6 in Spellcasting
  3540 | D:4      | Found a radiant altar of Vehumet.
  3551 | D:4      | Became a worshipper of Vehumet
  3784 | D:4      | Reached skill level 1 in Short Blades
  3784 | D:4      | Reached XP level 6. HP: 32/32 MP: 7/17
  4310 | D:5      | Entered Level 5 of the Dungeon
  4347 | D:5      | Noticed Pikel
  4612 | D:5      | Reached skill level 1 in Armour
  4708 | D:5      | Reached skill level 7 in Spellcasting
  4905 | D:5      | Noticed Edmund
  4914 | D:5      | Killed Edmund
  4915 | D:5      | Reached XP level 7. HP: 21/37 MP: 12/20
  5191 | D:5      | Killed Pikel
  5191 | D:5      | Reached * piety under Vehumet
  5191 | D:5      | Offered knowledge of Foxfire by Vehumet.
  5192 | D:5      | Reached skill level 9 in Spellcasting
  5192 | D:5      | Reached XP level 8. HP: 36/42 MP: 9/23
  6184 | D:6      | Found a staircase to the Ecumenical Temple.
  6257 | D:6      | Found a runed translucent gate.
  6258 | D:6      | Found a runed translucent gate.
  6258 | D:6      | Noticed a manticore
  6259 | D:6      | Found a runed translucent gate.
  6260 | D:6      | Noticed a skeletal warrior
  6260 | D:6      | Noticed Acetwo5's ghost (novice DEFE)
  6628 | D:6      | Reached skill level 10 in Spellcasting
  6957 | D:7      | Reached ** piety under Vehumet
  6957 | D:7      | Offered knowledge of Magic Dart by Vehumet.
  6962 | D:7      | Learned a level 1 spell: Magic Dart
  7049 | D:7      | Noticed Joseph
  7062 | D:7      | Killed Joseph
  7063 | D:7      | Reached XP level 9. HP: 18/46 MP: 14/25
  8197 | D:7      | Reached skill level 5 in Dodging
  8454 | D:7      | Reached skill level 11 in Spellcasting
  9051 | D:8      | Noticed Harold
  9051 | D:8      | You fall into a shaft and drop 2 floors!
  9051 | D:10     | Entered Level 10 of the Dungeon
  9062 | D:10     | Noticed a boulder beetle
  9066 | D:10     | Reached skill level 1 in Fighting
  9071 | D:10     | Reached skill level 12 in Spellcasting
  9077 | D:10     | Reached skill level 10 in Ice Magic
  9077 | D:10     | Reached XP level 10. HP: 28/52 MP: 3/28
  9110 | D:10     | Killed a boulder beetle
  9110 | D:10     | Offered knowledge of Static Discharge by Vehumet.
  9111 | D:10     | Reached skill level 1 in Conjurations
  9114 | D:10     | Learned a level 2 spell: Static Discharge
  9335 | D:10     | Reached skill level 13 in Spellcasting
  9410 | D:10     | Found Zurez Jucel's Magic Scroll Emporium.
  9423 | D:10     | Bought 3 scrolls of teleportation for 153 gold pieces
  9423 | D:10     | Bought a scroll of fear for 59 gold pieces
  9458 | D:10     | Reached *** piety under Vehumet
  9882 | D:8      | Found Yseog's Magic Scroll Emporium.
  9906 | D:8      | Offered knowledge of Flame Wave by Vehumet.
 10060 | D:8      | Found Etweggy's Book Boutique.
 10169 | D:8      | Reached skill level 14 in Spellcasting
 10239 | D:8      | Noticed Maggie
 10249 | D:8      | Killed Maggie
 10334 | D:8      | Reached **** piety under Vehumet
 10411 | D:8      | Found Cangyjow's Distillery.
 10419 | D:8      | Bought a potion of heal wounds for 55 gold pieces
 10471 | D:8      | Killed Harold
 10478 | D:8      | Learned a level 3 spell: Stone Arrow
 10690 | D:8      | Noticed a two-headed ogre
 10790 | D:8      | Found Badibelu's Jewellery Shop.
 10888 | D:8      | Offered knowledge of Sticky Flame by Vehumet.
 11038 | D:8      | Identified a scroll of acquirement
 11039 | D:8      | Acquired the +7 lajatang of the Inquisitive Deaths {holy,
                  | rC++}
 11196 | D:8      | Killed a two-headed ogre
 11197 | D:8      | Reached XP level 11. HP: 56/56 MP: 10/31
 11368 | D:8      | Reached skill level 1 in Staves
 11381 | D:8      | Reached skill level 15 in Spellcasting
 11526 | D:8      | Found Wuwniul's Weapon Boutique.
 11672 | D:9      | Noticed a two-headed ogre
 11715 | D:9      | Killed a two-headed ogre
 12195 | D:9      | Found a sacrificial altar of Ru.
 12506 | D:9      | Found a staircase to the Lair.
 12943 | D:9      | Reached ***** piety under Vehumet
 13222 | D:9      | Offered knowledge of Freezing Cloud by Vehumet.
 13229 | D:9      | Learned a level 5 spell: Freezing Cloud
 13492 | Lair:1   | Entered Level 1 of the Lair of Beasts
 13506 | Lair:1   | Noticed a four-headed hydra
 13517 | Lair:1   | Killed a four-headed hydra
 13679 | Lair:1   | Reached skill level 16 in Spellcasting
 13681 | Lair:1   | Reached skill level 1 in Earth Magic
 13944 | Lair:1   | Found a dark tunnel.
 13949 | Volcano  | Entered a volcano
 14756 | Volcano  | Reached XP level 12. HP: 46/61 MP: 14/34
 14854 | Volcano  | Reached skill level 17 in Spellcasting
 14858 | Volcano  | Reached skill level 10 in Dodging
 15144 | Volcano  | Noticed an orb of fire
 15240 | Volcano  | Noticed an orb of fire
 16310 | Lair:2   | Learned a level 5 spell: Irradiate
 16477 | Lair:2   | Noticed a four-headed hydra
 16486 | Lair:2   | Killed a four-headed hydra
 16578 | Lair:2   | Found a staircase to the Snake Pit.
 16960 | Lair:2   | Identified the +3 ring mail of Conscience {Int+2}
 16976 | Lair:2   | Reached skill level 18 in Spellcasting
 17846 | Lair:3   | Reached skill level 1 in Air Magic
 18228 | Lair:3   | Reached XP level 13. HP: 65/65 MP: 28/37
 18387 | Lair:3   | Reached skill level 19 in Spellcasting
 18626 | Lair:3   | Found a staircase to the Swamp.
 19028 | Lair:3   | Noticed a dire elephant
 19041 | Lair:3   | Killed a dire elephant
 20380 | Lair:3   | Acquired a book of Air
 20726 | D:10     | Reached skill level 20 in Spellcasting
 21177 | D:11     | Acquired the ring of Dotsyogh {Ice Dex+4}
 22191 | D:12     | Found a staircase to the Orcish Mines.
 22582 | D:12     | Noticed a fire dragon
 22593 | D:12     | Killed a fire dragon
 22776 | D:12     | Reached skill level 5 in Conjurations
 23275 | Orc:1    | Entered Level 1 of the Orcish Mines
 23413 | Orc:2    | Entered Level 2 of the Orcish Mines
 23420 | Orc:1    | Offered knowledge of Fulminant Prism by Vehumet.
 23567 | Orc:2    | Found a frozen archway.
 23594 | IceCv    | Entered an ice cave
 24054 | IceCv    | Reached skill level 21 in Spellcasting
 24067 | IceCv    | Reached XP level 14. HP: 71/71 MP: 35/41
 24185 | IceCv    | Found an ancient bone altar of Kikubaaqudgha.
 24228 | IceCv    | Offered knowledge of Yara's Violent Unravelling by Vehumet.
 24306 | IceCv    | Learned a level 5 spell: Yara's Violent Unravelling
 24322 | IceCv    | HP: 3/71 [entropy weaver simulacrum (2)]
 24322 | IceCv    | Slain by an entropy weaver simulacrum

Illustrated notes

Levels and vault maps discovered:
D:1:      mrwooster_arrival_statue, layout_loops_ring, minivault_26,
          minmay_pentomino_o2
D:2:      minmay_recursive_quarters, layout_loops_cross,
          hellmonk_ecumenical_altar_defaced_shrine
D:3:      layout_basic, overflow_temple_1_default,
          gammafunk_ghost_abyssal_escape
D:4:      layout_loops_corners, nicolae_vehumet_radiance, serial_aquarium,
          aquarium_bridge_long_separate [aquarium_subvault_bridge,
          aquarium_subvault_wall, aquarium_subvault_wall,
          aquarium_subvault_bridge, aquarium_subvault_bridge,
          aquarium_subvault_wall], aquarium_window_2, aquarium_window_corner,
          aquarium_view_2d, aquarium_balcony_3b
D:5:      layout_basic, uniq_pikel, uniq_edmund
D:6:      layout_gridville, minmay_temple_entry_purple_smoke,
          gammafunk_ghost_split, kennysheep_generic_room_14
D:7:      cheibrodos_helix_gallery, layout_loops_corners,
          small_statue_intersection, uniq_joseph
D:8:      layout_basic, special_room [special_room_orc], serial_shops, shop,
          nicolae_diamond_shop, nicolae_shop_crystal, shop, shop_statue,
          kennysheep_kite_vault, uniq_maggie, uniq_harold
D:9:      layout_loops_corners, nicolae_ru_sacrificial_ziggurat,
          erik_lair_island, serial_rivers, chequers_serial_rivers_micro_b,
          chequers_serial_rivers_micro_b, chequers_serial_rivers_small_3,
          chequers_serial_rivers_large_a, chequers_serial_rivers_small_b,
          chequers_serial_rivers_room_b, enter_bailey_3
D:10:     layout_rooms, serial_shops, shop, hex_medium, hex_tiny,
          nzn_sisyphean_effort
D:11:     layout_irregular_city, corexii_mini_fake_secret_closet
D:12:     layout_irregular_city, erik_orc_4
Lair:1:   layout_regular_city, enter_volcano_4, st_stairs_9, grunt_megastairs_5
Lair:2:   layout_regular_city, minmay_snake_entry_guardpost_medium,
          minmay_stone_trees_small, serial_bayou_pond_e
Lair:3:   mu_elephants_graveyard, layout_long_grid, minmay_swamp_entry_worms,
          infiniplex_staircase_pool_2
Orc:1:    layout_diamond_mine
Orc:2:    grunt_orc_tribal_feast, layout_caves,
          portal_ice_cave_entry_ice_simulacra
IceCv:    ice_cave_small_necro

Skill      XL: |  1  2  3  4  5  6  7  8  9 10 11 12 13 |
---------------+----------------------------------------+-----
Stealth        | 3 4 |  4.9
Spellcasting   | 4 5 6 7 9 10 12 14 16 18 21 | 21.0
Ice Magic      | 5 6 8 10 11 12 13 | 13.9
Short Blades   | 1 2 3 |  3.5
Armour         | 1 |  1.6
Dodging        | 3 4 6 8 9 10 12 | 12.1
Fighting       | 1 |  1.7
Conjurations   | 2 3 4 5 |  5.1
Staves         | 3 4 |  4.9
Earth Magic    | 1 2 |  2.0
Air Magic      | 1 |  1.4
Transmutations | |  0.8
Evocations     | |  0.3

Action                   |  1- 3 |  4- 6 |  7- 9 | 10-12 | 13-15 || total
-------------------------+-------+-------+-------+-------+-------++-------
Melee: Short sword       |     6 |    17 |    83 |    31 |       ||   137
       Rapier            |    13 |    14 |    10 |     1 |       ||    38
       Whip              |       |     8 |       |       |       ||     8
       Punch             |       |       |     2 |       |       ||     2
       Lajatang          |       |       |       |    15 |   111 ||   126
       Quick blade       |       |       |       |     6 |     2 ||     8
 Cast: Freeze            |    32 |    36 |    56 |   111 |    58 ||   293
       Frozen Ramparts   |     6 |    17 |    28 |    80 |    32 ||   163
       Ozocubu's Armour  |     2 |     9 |    26 |    47 |    39 ||   123
       Magic Dart        |       |       |    15 |    74 |    22 ||   111
       Hailstorm         |       |       |     4 |    30 |    26 ||    60
       Stone Arrow       |       |       |       |    49 |    56 ||   105
       Static Discharge  |       |       |       |    19 |    12 ||    31
       Freezing Cloud    |       |       |       |    24 |     9 ||    33
       Irradiate         |       |       |       |     7 |    26 ||    33
Evoke: Wand              |       |     1 |       |     8 |       ||     9
  Use: Scroll            |     2 |     9 |     7 |    10 |     2 ||    30
       Potion            |       |       |       |     2 |     1 ||     3
 Stab: Sleeping          |    12 |     7 |     2 |     4 |       ||    25
Armor: Robe              |     4 |       |    37 |    56 |   137 ||   234
       Leather armour    |     5 |    25 |    11 |       |       ||    41
Dodge: Dodged            |    10 |    34 |    90 |   165 |   247 ||   546
